Map: Newkirk Precinct TE (Void)

Players

Raze

  • Race: Terran Terran
  • Spawn Location: 5:00

Probe - Winner!

  • Race: Protoss Protoss
  • Spawn Location: 7:00

Event: WCS Austin 2017

VOD

Have the link to the VOD?

Description

Time

  • Played on: April 28, 2017, 8:03 p.m.
  • Length: 16:59

All games in this series

Show
View Real Time Build Order
Export as new Build Order

Raze Terran 

Build Orders: Reaper Expand, MMM Bio 

Get SALT Encoding   

  12  0:00  SCV  
  13  0:12  SCV  
  14  0:18  Supply Depot  
  14  0:24  SCV  
  15  0:29  Refinery  
  15  0:39  SCV  
  16  0:45  Barracks  
  16  0:51  SCV  
  17  1:03  SCV  
  18  1:15  SCV  
  19  1:31  Orbital Command  
  19  1:32  Reaper  
  20  1:48  Command Center  
  20  1:57  Factory  
  20  2:02  SCV  
  20  2:07  Barracks Reactor  
  21  2:12  Supply Depot  
  21  2:14  SCV  
  22  2:21  Refinery  
  22  2:26  SCV  
  23  2:39  SCV  
  23  2:43  Starport  
  24  2:47  Marine x2  
  24  2:51  SCV  
  27  2:52  Widow Mine  
  29  3:05  Marine x2, Orbital Command  
  31  3:08  SCV  
  31  3:20  Widow Mine, SCV  
  31  3:22  Marine  
  31  3:23  Marine  
  31  3:24  Medivac  
  38  3:31  SCV  
  38  3:32  SCV  
  40  3:40  Barracks, Marine  
  40  3:41  Marine  
  42  3:43  SCV  
  42  3:47  SCV  
  44  3:52  Factory Tech Lab, Supply Depot  
  44  3:55  SCV  
  45  3:58  Marine  
  46  4:03  Barracks  
  46  4:14  Siege Tank, Marine, SCV x2  
  46  4:16  Supply Depot  
  52  4:23  Marine  
  53  4:26  SCV  
  53  4:27  Barracks Tech Lab  
  54  4:35  Supply Depot  
  54  4:37  Marine, SCV  
  56  4:38  SCV  
  57  4:48  Marine  
  57  4:49  Siege Tank, Stimpack, SCV  
  62  4:53  Supply Depot  
  62  4:57  Marine, SCV  
  64  5:01  Refinery  
  64  5:02  SCV  
  64  5:03  Engineering Bay  
  64  5:04  Starport Reactor  
  64  5:05  Marine x2  
  67  5:08  Marine  
  67  5:09  SCV  
  67  5:14  SCV  
  70  5:16  Supply Depot  
  70  5:21  SCV  
  70  5:26  Supply Depot, SCV  
  72  5:28  Combat Shields  
  72  5:29  Marauder, Marine  
  72  5:30  Marauder, Marine  
  72  5:34  Refinery  
  78  5:39  Supply Depot, SCV x2  
  80  5:42  Terran Infantry Weapons Level 1  
  80  5:52  Marine  
  80  5:53  Marauder x2, Marine  
  86  5:58  Supply Depot, Missile Turret  
  85  6:06  Medivac x2  
  85  6:08  SCV x2  
  84  6:20  Marine, SCV  
  84  6:21  Marauder x2  
  90  6:31  Marine  
  93  6:33  Factory Reactor  
  93  6:39  Supply Depot  
  91  6:40  SCV x2  
  91  6:42  Marauder  
  95  6:50  Marauder, Marine x2  
  99  6:55  Concussive Shells  
  99  7:03  Marauder  
  100  7:12  Command Center  
  100  7:21  Marauder, Marine  
  102  7:26  SCV x2  
  96  7:38  SCV x2  
  96  7:44  Marauder, Marine  
  90  7:50  Widow Mine x2, Marine, SCV x2  
  90  7:51  Marauder  
  94  8:00  Supply Depot  
  94  8:02  Marine, SCV  
  94  8:04  Medivac x2  
  93  8:06  Marauder  
  93  8:10  Terran Infantry Armor Level 1, SCV  
  94  8:14  SCV  
  95  8:22  SCV  
  95  8:26  SCV  
  97  8:34  Medivac x2, SCV  
  101  8:39  SCV  
  103  8:43  Marauder x2, Marine x2  
  103  8:45  Widow Mine x2  
  103  8:47  Barracks x2  
  113  8:49  Orbital Command  
  113  8:53  SCV  
  111  8:58  SCV  
  111  9:00  Marine  
  110  9:04  Marauder  
  110  9:06  SCV  
  106  9:11  SCV  
  106  9:16  SCV  
  105  9:18  SCV  
  105  9:23  SCV  
  105  9:26  Widow Mine x2  
  105  9:28  SCV  
  105  9:30  SCV  
  111  9:35  Barracks Reactor, Barracks Tech Lab, SCV  
  111  9:37  Marauder  
  114  9:40  SCV  
  114  9:42  SCV  
  116  9:51  SCV  
  116  9:52  SCV  
  118  9:53  Marauder, Marine  
  118  9:55  SCV  
  118  9:59  Marine  
  124  10:00  Marauder  
  125  10:08  Widow Mine x2  
  125  10:12  Engineering Bay  
  125  10:13  Marauder, Marine, SCV x2  
  134  10:14  Armory  
  134  10:22  Marine x3  
  134  10:23  Marauder  
  134  10:25  Medivac  
  134  10:26  Sensor Tower  
  141  10:30  Medivac  
  141  10:31  Supply Depot, Marauder  
  141  10:32  Supply Depot  
  141  10:34  Marine  
  141  10:35  Marauder  
  148  10:41  Supply Depot  
  148  10:44  Marine  
  149  10:50  Supply Depot  
  149  10:51  Supply Depot  
  149  10:53  Marauder x2  
  149  10:54  Marine x2  
  149  10:55  Medivac  
  149  10:56  Marauder  
  159  11:00  Medivac  
  159  11:02  Marine  
  162  11:07  Supply Depot x2  
  162  11:10  Marine  
  163  11:12  Marine  
  163  11:13  Refinery  
  163  11:14  Marauder x2  
  168  11:20  Marauder, Marine  
  171  11:25  Medivac  
  171  11:26  Marine  
  171  11:28  Widow Mine x2  
  178  11:33  Marine  
  178  11:36  Marauder x2  
  178  11:38  Marine  
  179  11:42  Marauder  
  179  11:43  Marine  
  178  11:57  Marauder x2  
  178  11:58  Terran Infantry Weapons Level 2, Terran Infantry Armor Level 2  
  178  11:59  Marine  
  177  12:03  Marauder  
  179  12:11  Widow Mine x2  
  179  12:12  Medivac  
  179  12:13  Marine  
  184  12:16  Marine  
  184  12:18  Marauder x2  
  189  12:28  Refinery  
  188  12:34  Command Center  
  188  12:38  Medivac  
  188  12:42  Medivac  
  186  12:46  Marauder, Marine  
  186  12:50  Liberator  
  181  12:54  Marine  
  181  12:55  Marauder, Orbital Command  
  184  13:01  Marine  
  184  13:02  Marauder  
  184  13:05  Liberator  
  185  13:10  Marauder, Marine  
  177  13:14  Marine  
  177  13:16  Marauder  
  169  13:23  Marauder  
  174  13:32  Marauder  
  175  13:38  Orbital Command  
  157  13:45  Marine  
  157  13:46  Marauder  
  146  13:53  Marauder, Marine  
  147  14:01  Marine  
  147  14:02  Marauder  
  146  14:15  Marauder, Marine  
  146  14:17  Refinery, Marauder, Marine  
  149  14:21  Marine  
  149  14:23  Marauder, Marine  
  154  14:28  Orbital Command  
  154  14:29  Liberator  
  154  14:33  Marine  
  154  14:34  Marine  
  154  14:37  Marauder  
  154  14:38  Marine  
  158  14:39  Marine  
  158  14:40  Marine  
  158  14:45  Marauder  
  163  14:50  Marine  
  163  14:52  Marine  
  167  14:56  Marauder  
  167  14:57  Marine  
  167  14:58  Marauder, Marine  
  168  15:06  Marauder  
  152  15:08  Marine  
  152  15:10  Marine  
  154  15:18  Marauder  
  154  15:19  Marauder  
  153  15:26  Marine x3  
  153  15:27  Marauder  
  153  15:28  Widow Mine x2, Marine  
  156  15:39  Marauder  
  156  15:41  Marauder  
  135  15:48  Marine  
  135  15:49  Marauder  
  105  15:50  Marine  
  86  15:57  Marine x2  
  86  16:01  Marauder  
  86  16:02  Marauder  
  86  16:06  Marine  
  86  16:08  Marine  
  86  16:10  Marauder  
  83  16:14  Marine  
  83  16:16  Marine  
  83  16:18  Medivac  
  83  16:22  Marauder  
  83  16:24  Marauder, Marine  
  81  16:26  Marine  
  81  16:31  Marauder  
  81  16:32  Marine, Orbital Command  
  82  16:33  Marine  
Show
View Real Time Build Order
Export as new Build Order

Probe Protoss - Winner!

Build Orders: 1 Gate Expand, Blink Stalkers, Colossus Rush 

Get SALT Encoding   

  12  0:00  Probe (Chrono Boost)  
  13  0:11  Probe (Chrono Boost)  
  14  0:17  Pylon  
  14  0:22  Probe (Chrono Boost)  
  15  0:36  Probe (Chrono Boost)  
  15  0:37  Gateway  
  16  0:43  Assimilator  
  16  0:46  Probe (Chrono Boost)  
  18  0:57  Probe (Chrono Boost)  
  18  1:07  Probe (Chrono Boost)  
  19  1:21  Nexus  
  19  1:24  Probe (Chrono Boost)  
  20  1:34  Cybernetics Core  
  20  1:36  Probe (Chrono Boost)  
  21  1:42  Assimilator  
  22  1:47  Probe (Chrono Boost)  
  22  1:54  Pylon  
  22  1:57  Probe (Chrono Boost)  
  23  2:12  Adept  
  23  2:13  Mothership Core (Chrono Boost)  
  27  2:20  Warp Gate  
  27  2:31  Probe (Chrono Boost)  
  27  2:33  Probe (Chrono Boost)  
  29  2:40  Adept  
  29  2:42  Probe (Chrono Boost)  
  32  2:44  Robotics Facility, Probe (Chrono Boost)  
  32  2:52  Probe (Chrono Boost)  
  32  2:55  Probe (Chrono Boost)  
  34  3:03  Probe (Chrono Boost)  
  34  3:05  Probe (Chrono Boost)  
  36  3:06  Twilight Council  
  36  3:13  Probe (Chrono Boost)  
  36  3:16  Probe (Chrono Boost)  
  38  3:23  Gateway  
  38  3:25  Gateway  
  38  3:28  Probe (Chrono Boost)  
  38  3:29  Probe (Chrono Boost)  
  38  3:31  Observer  
  38  3:33  Blink  
  41  3:39  Probe (Chrono Boost), Pylon  
  41  3:40  Probe (Chrono Boost)  
  43  3:49  Probe (Chrono Boost)  
  43  3:50  Probe (Chrono Boost)  
  43  3:53  Assimilator  
  45  3:57  Observer  
  45  4:00  Assimilator, Probe (Chrono Boost)  
  45  4:01  Probe (Chrono Boost)  
  48  4:03  Pylon  
  48  4:11  Probe (Chrono Boost)  
  48  4:13  Probe (Chrono Boost)  
  50  4:23  Probe (Chrono Boost), Stalker  
  54  4:24  Stalker  
  54  4:25  Probe (Chrono Boost), Stalker  
  54  4:28  Pylon  
  58  4:35  Probe (Chrono Boost)  
  58  4:37  Probe (Chrono Boost)  
  58  4:48  Warp Prism, Probe (Chrono Boost), Robotics Bay  
  58  4:49  Probe (Chrono Boost)  
  64  5:00  Probe (Chrono Boost)  
  64  5:01  Probe (Chrono Boost)  
  64  5:04  Pylon  
  64  5:10  Pylon  
  64  5:15  Zealot x2, Sentry  
  70  5:24  Probe x2 (Chrono Boost)  
  70  5:27  Forge, Colossus  
  78  5:38  Gateway  
  78  5:39  Gateway  
  78  5:45  Stalker  
  78  5:46  Stalker  
  82  5:52  Protoss Ground Weapons Level 1  
  82  5:54  Charge  
  82  5:56  Stalker  
  84  6:09  Probe (Chrono Boost)  
  85  6:13  Probe (Chrono Boost)  
  86  6:20  Pylon x2  
  86  6:25  Pylon  
  86  6:27  Pylon  
  86  6:30  Colossus  
  85  6:36  Gateway  
  85  6:37  Gateway  
  91  6:43  Sentry x2  
  91  6:44  Zealot x2  
  91  6:45  Zealot  
  101  6:55  Pylon x2  
  101  7:06  Zealot  
  101  7:07  Zealot x4  
  109  7:17  Colossus  
  109  7:27  Zealot x4  
  101  7:45  Stalker x3  
  101  7:47  Stalker x2  
  107  8:04  Nexus  
  107  8:05  Pylon  
  103  8:09  Extended Thermal Lance  
  103  8:14  Protoss Ground Armor Level 1  
  103  8:15  Zealot, Pylon  
  103  8:16  Zealot  
  103  8:17  Colossus  
  113  8:31  Zealot  
  115  8:34  Zealot  
  117  8:53  Robotics Facility, Templar Archives  
  117  8:54  Probe x2 (Chrono Boost)  
  119  8:56  Zealot  
  119  8:57  Zealot  
  123  9:06  Probe (Chrono Boost)  
  123  9:07  Zealot x2  
  123  9:09  Disruptor, Probe (Chrono Boost)  
  121  9:16  Probe (Chrono Boost)  
  125  9:19  Probe (Chrono Boost)  
  120  9:27  Psionic Storm  
  118  9:40  Disruptor  
  121  9:52  Nexus  
  113  9:54  Zealot x3  
  113  9:56  Pylon  
  113  9:58  Disruptor  
  120  10:11  Assimilator, High Templar x3  
  120  10:12  Assimilator  
  126  10:15  Pylon  
  126  10:17  Disruptor, Pylon  
  126  10:18  Zealot x2  
  130  10:27  Zealot  
  135  10:31  Disruptor  
  135  10:41  Zealot  
  135  10:42  Zealot x2  
  144  10:43  Zealot  
  144  10:44  Zealot  
  148  10:50  Pylon  
  148  10:51  Disruptor  
  148  10:53  High Templar  
  153  10:59  Protoss Ground Armor Level 2  
  152  11:05  Probe (Chrono Boost)  
  152  11:06  Probe x3 (Chrono Boost)  
  152  11:10  Zealot x2  
  160  11:13  Zealot  
  160  11:17  Zealot  
  160  11:18  Probe (Chrono Boost)  
  165  11:20  Zealot  
  165  11:22  Zealot  
  165  11:24  Disruptor  
  172  11:32  Stalker  
  172  11:35  Cybernetics Core  
  164  11:55  Zealot x4  
  171  12:17  Observer  
  171  12:18  Observer  
  171  12:22  Nexus  
  173  12:33  Stalker x5  
  179  12:49  Zealot x2  
  179  12:50  Warp Prism  
  179  13:00  Zealot  
  179  13:03  Disruptor  
  181  13:10  Zealot x2  
  172  13:21  High Templar x2  
  172  13:22  High Templar  
  172  13:23  Zealot  
  172  13:24  Zealot  
  148  13:45  High Templar, Archon  
  148  13:48  Stalker x3  
  152  14:05  Protoss Ground Armor Level 3  
  152  14:10  Zealot  
  152  14:11  Zealot x2  
  156  14:18  Zealot  
  156  14:19  Zealot x3  
  164  14:26  Assimilator  
  164  14:31  Zealot x3  
  166  14:32  Observer x2  
  166  14:38  Nexus  
  172  14:41  Nexus  
  168  14:58  Zealot  
  168  14:59  Zealot x5  
  176  15:00  Stalker  
  176  15:20  Stalker  
  176  15:21  Stalker x2  
  181  15:35  Pylon  
  181  15:36  Assimilator  
  181  15:39  Pylon  
  181  15:42  Pylon  
  173  15:45  Pylon  
  173  15:48  Archon  
  173  15:49  Zealot x3  
  159  15:56  Stalker x4  
  146  16:14  Stalker x3  
  148  16:29  Stalker x3  
  153  16:45  Zealot x4  
  161  16:58  Zealot x3  
Tags
 
Add a new tag
Caveats
  • Supply blocks, unpowered buildings, or Contaminate may cause inaccurate times.
  • Supply counts are checked every 10 seconds.